 Dungeon Crawl Stone Soup version 0.30-a0-937-ga0a21ad780 (webtiles) character file.

Game seed: 16979106193022763194

2843 Sobieck the Grappler (level 9, -7/79 HPs)
             Began as a Ghoul Gladiator on Mar 24, 2023.
             Was a Follower of Wu Jian.
             Mangled by a two-headed ogre
             ... wielding a +0 dire flail
              (17 damage)
             ... on level 7 of the Dungeon.
             The game lasted 00:16:13 (5546 turns).

Sobieck the Grappler (Ghoul Gladiator)              Turns: 5546, Time: 00:16:14

Health: -7/79      AC: 18    Str: 22    XL:     9   Next: 74%
Magic:  8/8        EV:  7    Int:  3    God:    Wu Jian [*.....]
Gold:   163        SH:  0    Dex: 14    Spells: 8/8 levels left

rFire   . . .      SeeInvis +      - Unarmed
rCold   + + .      Faith    .    (no shield)
rNeg    + + +      Spirit   .    j - +0 plate armour
rPois   ∞          Reflect  .    K - +1 helmet
rElec   .          Rampage  .    i - +2 cloak
rCorr   .                        (no gloves)
Will    .....                    (no boots) Stlth
                                 (no amulet)
HPRegen 0.00/turn                s - +4 ring of slaying
MPRegen 0.11/turn                k - ring of Myroic {rC+ Dex+4 SInv}

@: inhibited regen, hasted, studying Stealth, very quick
A: claws 1, cold resistance 1, negative energy resistance 3, inhibited
regeneration, torment resistance 2, devour on kill
a: Renounce Religion


You were on level 7 of the Dungeon.
You worshipped Wu Jian.
Wu Jian was aware of your devotion.
You visited 2 branches of the dungeon, and saw 9 of its levels.

You collected 371 gold pieces.
You spent 208 gold pieces at shops.


Innate Abilities, Weirdness & Mutations

You are immune to poison.
You have sharp fingernails.
Your flesh is cold resistant. (rC+)
You are immune to negative energy. (rN+++)
You do not regenerate when monsters are visible.
You are immune to unholy pain and torment.
You thrive by killing the living.


   Skills:
 + Level 7.4 Fighting
 - Level 2.0 Throwing
 + Level 5.8 Armour
 - Level 2.6 Dodging
 * Level 10.6 Unarmed Combat


You had 8 spell levels left.
You didn't know any spells.
Your spell library contained the following spells:

 Spells                   Type           Power      Damage    Failure   Level
 Apportation              Tloc           0%         N/A       100%        1
 Shock                    Conj/Air       0%         1d3       100%        1
 Portal Projectile        Hex/Tloc       0%         N/A       100%        3
 Swiftness                Air            0%         N/A       100%        3
 Tukima's Dance           Hex            0%         N/A       100%        3
 Airstrike                Air            0%         2d(0-16)  100%        4
 Alistair's Intoxication  Tmut/Pois      0%         N/A       100%        5
 Blade Hands              Tmut           Unusable   N/A       N/A         5

Inventory:

Hand Weapons
 b - the +12 sling of the Scavenger {speed, *Slow rF+ Str+3 Dex+3}
   (You bought it in a shop on level 3 of the Dungeon)

   Str:       It affects your strength (+3).
   Dex:       It affects your dexterity (+3).
   rF:        It protects you from fire.
   *Slow:     It may slow you when you take damage.
Missiles
 c - 3 throwing nets {=f!fthrowing}
 d - 3 javelins {throwing}
 f - 67 stones (quivered) {throwing}
 h - 3 boomerangs {throwing}
 r - 13 poisoned darts {throwing}
Armour
 a - a +1 hat
   (You found it on level 7 of the Dungeon)
 i - a +2 cloak (worn)
   (You found it on level 1 of the Dungeon)
 j - a +0 plate armour (worn)
   (You took it off an orc warrior on level 7 of the Dungeon)
 m - a +0 leather armour
   (You found it on level 6 of the Dungeon)
 p - a +0 ring mail
   (You found it on level 2 of the Dungeon)
 v - a scarf of harm
   (You found it on level 2 of the Dungeon)
 y - a +0 leather armour
   (You found it on level 3 of the Dungeon)
 z - a +0 robe
   (You took it off an orc wizard on level 6 of the Dungeon)
 D - a +0 leather armour
   (You found it on level 3 of the Dungeon)
 K - a +1 helmet (worn)
 L - a +0 robe
   (You took it off Sigmund on level 4 of the Dungeon)
 M - a +0 chain mail
   (You took it off an orc on level 5 of the Dungeon)
 N - a +0 leather armour
   (You took it off an orc on level 5 of the Dungeon)
 O - a +0 scale mail
   (You took it off an orc on level 5 of the Dungeon)
 P - a +0 leather armour
   (You took it off an orc on level 5 of the Dungeon)
 Q - a +0 leather armour
   (You took it off an orc on level 5 of the Dungeon)
 T - a +0 ring mail
   (You took it off Ijyb on level 5 of the Dungeon)
 W - a +0 robe
   (You took it off an orc wizard on level 6 of the Dungeon)
 X - a +0 leather armour
   (You took it off Duvessa on level 6 of the Dungeon)
 Y - a +0 ring mail
   (You found it on level 6 of the Dungeon)
 Z - a +0 robe
   (You took it off Dowan on level 6 of the Dungeon)
Jewellery
 k - the ring of Myroic (right claw) {rC+ Dex+4 SInv}
   (You acquired it on level 6 of the Dungeon)

   [ring of see invisible]

   Dex:       It affects your dexterity (+4).
   rC:        It protects you from cold.
   SInv:      It lets you see invisible.
 n - a ring of fire
   (You found it on level 7 of the Dungeon)
 s - a +4 ring of slaying (left claw)
   (You found it on level 2 of the Dungeon)
 E - a ring of fire
   (You found it on level 4 of the Dungeon)
Wands
 G - a wand of iceblast (23)
   (You found it on level 4 of the Dungeon)
 U - a wand of charming (8)
   (You took it off Ijyb on level 5 of the Dungeon)
Scrolls
 e - 3 scrolls of teleportation {@r4}
 g - 2 scrolls of poison
 l - a scroll of noise {!r}
 q - a scroll of summoning
 t - 2 scrolls of vulnerability {!r!r}
 C - 5 scrolls of fear
 J - 2 scrolls of magic mapping {!r}
 R - a scroll of enchant weapon {unknown}
 S - a scroll of silence {unknown}
Potions
 u - 3 potions of heal wounds {@q2}
 w - a potion of lignification
 x - a potion of attraction {unknown}
 A - 2 potions of ambrosia
 B - a potion of haste {@q3}
 F - 3 potions of flight
 H - 2 potions of curing {@q1}
 I - a potion of berserk rage {unknown}
 V - a potion of brilliance {unknown}

Dungeon Overview and Level Annotations

Branches:
Dungeon (8/15) Zot: 26983  Temple (1/1) D:6 Zot: 5930
   Lair: D:8-11

Altars:
Ashenzari
Cheibriados
Dithmenos
Fedhas
Gozag
Hepliaklqana
Kikubaaqudgha
Makhleb
Nemelex Xobeh
Okawaru
Qazlal
Ru
Sif Muna
Trog
Uskayaw
Vehumet
Wu Jian
Yredelemnul

Shops:
D:1 ?   D:3 *((((

Annotations:
D:5 3 runed translucent doors, NateTC's ghost, amateur MiFi
D:6 3 runed translucent doors, baller8008's ghost, novice DECj

..#.##..# #...# #.#####.###
........# #...# #.)..[#....
###.###########...#####.#.#[#.###
##......................#########
.#..#...................# #...
.#...[.#................######.##
.....).#.######...#####.##..##.##
##.###.#....)...).# #.##.......
#.###.#.#####..@.# #........##
#.......#####).O.# ####.#####
######.#)##.......# #.#
.......#?##.......## #.#
###?[.....#..#.##..## #.#
#.####..<....##..>######.######
#.##.........#.......).........
#<##.##.#..#.#..[...###.#######
#................##.# #.#


You could see a two-headed ogre.


Message History

There is an open door here.
You lunge at the howler monkey, in a flurry of attacks.
You barely miss the howler monkey. You mangle the howler monkey!!
You kill the howler monkey!
The Council accepts your kill. The howler monkey closely misses you.
You barely miss the howler monkey. The howler monkey closely misses you.
You closely miss the howler monkey. You claw the howler monkey.
The howler monkey closely misses you.
Unknown command.
You spin and attack the howler monkey repeatedly.
You claw the howler monkey!
You kill the howler monkey!
The Council accepts your kill.
Unknown command.
Your pack is full.
You see here a scroll of identify {@r1}.
As you read the scroll of identify {@r1}, it crumbles to dust.
F - 3 potions of flight
There is a fountain of clear blue water here.
You pick up a book of Air and begin reading...
You add the spells Shock, Swiftness and Airstrike to your library.
There is a fountain of clear blue water here.
Done exploring.
You feel stronger.
You feel agile.
Your claws tingle!
b - the +12 sling of the Scavenger (weapon)
{speed, *Slow rF+ Str+3 Dex+3} Done exploring.
Done exploring.
(D) Dungeon (T) Temple
Where to? (Enter - D:7, ? - help)
Okay, then.
As you read the scroll labelled VAESOC ZYWAI, it crumbles to dust.
It is a scroll of enchant armour.
Your +0 helmet glows green for a moment.
You start removing your armour.
You continue taking off your +1 hat. x4
You finish taking off your +1 hat.
You start putting on your armour.
You continue putting on your +1 helmet. x5
You finish putting on your +1 helmet.
Okay, then.
Unknown command.
You start removing your armour.
You continue taking off your +0 ring mail. x4
You finish taking off your +0 ring mail.
You start putting on your armour.
You continue putting on your +0 plate armour. x5
You finish putting on your +0 plate armour.
Done exploring.
(D) Dungeon (T) Temple
Where to? (Enter - D:7, ? - help)
You see here a howler monkey corpse.
There is an open door here.
Things that are here:
a +0 flail {mace}; a +2 shortbow of draining {bow}; a centaur skeleton
There is a stone staircase leading down here.
You climb downwards.
The two-headed ogre shouts in stereo!
You hear a bellow!
You hear a loud, deep croak!
Found a blossoming altar of Fedhas.
There is a stone staircase leading up here.
A two-headed ogre is nearby!
Danger!
You shoot a sling bullet.
The sling bullet hits the two-headed ogre!
A bullfrog comes into view.
You are now empty-clawed.
The two-headed ogre hits you with a +0 dire flail!
The two-headed ogre hits you with a +0 giant spiked club!
You climb upwards.
There is a stone staircase leading down here.
Unknown command.
Unknown command.
You scratch the two-headed ogre.
The two-headed ogre hits you with a +0 dire flail!
The two-headed ogre hits you with a +0 giant spiked club!
* * * LOW HITPOINT WARNING * * *
You scratch the two-headed ogre.
Unknown command.
You claw the two-headed ogre! The two-headed ogre barely misses you.
The two-headed ogre completely misses you.
Unknown command.
You barely miss the two-headed ogre. You scratch the two-headed ogre.
The two-headed ogre hits you but does no damage.
The two-headed ogre hits you with a +0 giant spiked club!
* * * LOW HITPOINT WARNING * * *
Unknown command.
You feel yourself speed up.
You lunge at the two-headed ogre.
You scratch the two-headed ogre.
The two-headed ogre hits you but does no damage.
The two-headed ogre hits you with a +0 giant spiked club.
* * * LOW HITPOINT WARNING * * *
Unknown command.
Unknown command.
You see here a +0 club {mace}.
Unknown command.
You scratch the two-headed ogre.
The two-headed ogre hits you with a +0 dire flail!
* * * LOW HITPOINT WARNING * * *
The two-headed ogre hits you with a +0 giant spiked club!
You die...

Skill      XL: |  1  2  3  4  5  6  7  8  9 |
---------------+----------------------------+-----
Throwing       | 2 |  2.0
Unarmed Combat | 4 6 7 9 10 | 10.6
Armour         | 1 2 3 5 |  5.8
Fighting       | 3 4 5 6 7 |  7.4
Dodging        | |  2.6

Action                     |  1- 3 |  4- 6 |  7- 9 || total
---------------------------+-------+-------+-------++-------
  Melee: Unarmed           |   114 |   108 |   114 ||   336
         Punch             |     2 |       |     3 ||     5
   Fire: Sling             |       |    18 |    88 ||   106
  Throw: Stone             |     5 |       |       ||     5
Ability: Lunge             |       |       |     5 ||     5
         Whirlwind         |       |       |     1 ||     1
    Use: Scroll            |       |     4 |    12 ||    16
         Potion            |       |       |     1 ||     1
   Stab: Sleeping          |       |     1 |       ||     1
 Armour: Leather armour    |    43 |    24 |       ||    67
         Ring mail         |       |    18 |    39 ||    57
         Plate armour      |       |       |     2 ||     2
  Dodge: Dodged            |    83 |    54 |    58 ||   195

Levels and vault maps discovered:
D:1:      amcnicky_arrival_blooded_trapdoor, layout_basic, serial_shops,
          nicolae_shop_behind_doors, minmay_pentomino_p4
D:2:      layout_basic, shapermc_ecumenical_altar_hornbeckon, basic_altar,
          minmay_fractal_squares_gapless_5, uniq_robin
D:3:      layout_basic, serial_shops, shop, nicolae_shop_statue_plus,
          nicolae_shop_overgrown_old_shop, shop,
          nicolae_shop_competitors_out_of_business
D:4:      layout_cave_pools, cheibriados_altar_1, minmay_misc_feat_columns,
          uniq_sigmund
D:5:      layout_loops_ring, nicolae_yredelemnul_corpse_copse,
          gammafunk_ghost_nasty_kobolds, nicolae_half_adder, uniq_ijyb
D:6:      layout_rooms, zin_statuary, minmay_temple_entry_stoned_glass,
          gammafunk_ghost_necromancy, uniq_duvessa
D:7:      layout_loops_cross, gammafunk_temple_overflow_pools, the_hattery,
          uniq_pikel
D:8:      layout_cave_pools, lemuel_coloured_pillars_altar,
          mainiacjoe_overflow_small_starburst, lair_entry_dummy,
          serial_park_tiny_1
Temple:   hellmonk_temple_of_storms

Notes
Turn   | Place    | Note
-------+----------+-------------------------------------------
     0 | D:1      | Sobieck the Ghoul Gladiator began the quest for the Orb.
     0 | D:1      | Reached XP level 1. HP: 17/17 MP: 0/0
    15 | D:1      | Found Gach's Magic Scroll Shoppe.
    99 | D:1      | Reached XP level 2. HP: 25/25 MP: 1/1
   141 | D:1      | Reached skill level 2 in Throwing
   282 | D:1      | Bought a scroll of identify for 24 gold pieces
   341 | D:1      | Reached XP level 3. HP: 30/30 MP: 2/2
   380 | D:1      | Reached skill level 4 in Unarmed Combat
   387 | D:1      | Reached skill level 1 in Armour
   707 | D:1      | Bought a scroll of noise for 12 gold pieces
   822 | D:1      | Bought a scroll of teleportation for 36 gold pieces
  1074 | D:2      | Reached XP level 4. HP: 37/37 MP: 3/3
  1079 | D:2      | Noticed Robin
  1124 | D:2      | Killed Robin
  1125 | D:2      | Reached skill level 3 in Fighting
  1466 | D:2      | Found a snail-covered altar of Cheibriados.
  1612 | D:2      | You pick up a book of Party Tricks and begin reading...
  1612 | D:2      | You add the spells Apportation and Alistair's Intoxication
                  | to your library.
  1936 | D:2      | Found a faded altar of an unknown god.
  2009 | D:3      | Found Mixef's Weapon Shop.
  2051 | D:3      | Found Yvvasicw's Weapon Shop.
  2055 | D:3      | Found Xassusm's Antique Weapon Emporium.
  2162 | D:3      | Reached XP level 5. HP: 45/45 MP: 4/4
  2316 | D:3      | Found Behuil's Assorted Antiques.
  2375 | D:3      | Found Peelecemu's Antique Weapon Shop.
  2733 | D:4      | Reached skill level 2 in Armour
  2733 | D:4      | Reached skill level 5 in Unarmed Combat
  2901 | D:4      | Found a snail-covered altar of Cheibriados.
  2964 | D:3      | Bought a faintly glowing sling for 136 gold pieces
  2964 | D:3      | Identified the +12 sling of the Scavenger {speed, *Slow rF+
                  | Str+3 Dex+3} (You bought it in a shop on level 3 of the
                  | Dungeon)
  3022 | D:4      | Noticed Sigmund
  3042 | D:4      | Killed Sigmund
  3043 | D:4      | Reached skill level 4 in Fighting
  3043 | D:4      | Reached skill level 6 in Unarmed Combat
  3043 | D:4      | Reached XP level 6. HP: 52/52 MP: 5/5
  3195 | D:5      | Entered Level 5 of the Dungeon
  3340 | D:5      | Noticed NateTC's ghost (amateur MiFi)
  3341 | D:5      | Found a runed translucent gate.
  3342 | D:5      | Found a runed translucent gate.
  3342 | D:5      | Found a runed translucent gate.
  3366 | D:5      | Reached XP level 7. HP: 60/60 MP: 6/6
  3392 | D:5      | Reached skill level 3 in Armour
  3440 | D:5      | You pick up a book of Weapons and begin reading...
  3440 | D:5      | You add the spells Tukima's Dance and Portal Projectile to
                  | your library.
  3607 | D:5      | Reached skill level 7 in Unarmed Combat
  3734 | D:5      | Noticed Ijyb
  3737 | D:5      | Killed Ijyb
  3850 | D:5      | Found a basalt altar of Yredelemnul.
  3950 | D:5      | Reached skill level 5 in Fighting
  4000 | D:6      | Reached XP level 8. HP: 65/68 MP: 7/7
  4002 | D:6      | Identified a scroll of acquirement
  4002 | D:6      | Acquired the ring of Myroic {rC+ Dex+4 SInv}
  4111 | D:6      | Reached skill level 4 in Armour
  4174 | D:6      | Noticed Duvessa
  4175 | D:6      | Noticed Dowan
  4180 | D:6      | Killed Duvessa
  4181 | D:6      | Reached skill level 8 in Unarmed Combat
  4190 | D:6      | Killed Dowan
  4198 | D:6      | Found a staircase to the Ecumenical Temple.
  4207 | Temple   | Entered the Ecumenical Temple
  4258 | Temple   | Became a worshipper of the Wu Jian Council
  4410 | D:6      | Found a runed translucent gate.
  4410 | D:6      | Found a runed translucent gate.
  4410 | D:6      | Found a runed translucent gate.
  4412 | D:6      | Noticed baller8008's ghost (novice DECj)
  4450 | D:6      | Reached skill level 6 in Fighting
  4679 | D:7      | Reached skill level 9 in Unarmed Combat
  4764 | D:7      | Noticed Pikel
  4772 | D:7      | Killed Pikel
  4773 | D:7      | Reached skill level 5 in Armour
  4773 | D:7      | Reached XP level 9. HP: 56/78 MP: 8/8
  4976 | D:7      | Reached skill level 10 in Unarmed Combat
  5019 | D:7      | Reached skill level 7 in Fighting
  5245 | D:7      | Reached * piety under Wu Jian
  5381 | D:7      | Noticed an unseen horror
  5388 | D:7      | Killed an unseen horror
  5439 | D:7      | Found a stormy altar of Qazlal.
  5440 | D:7      | Found a bloodstained altar of Trog.
  5458 | D:7      | You pick up a book of Air and begin reading...
  5458 | D:7      | You add the spells Shock, Swiftness and Airstrike to your
                  | library.
  5526 | D:8      | Noticed a two-headed ogre
  5526 | D:8      | Found a blossoming altar of Fedhas.
  5541 | D:7      | HP: 18/79 [two-headed ogre/+0 dire flail (2)]
  5546 | D:7      | HP: 10/79 [two-headed ogre/+0 dire flail (8)]
  5546 | D:7      | Mangled by a two-headed ogre

Vanquished Creatures
  Pikel (D:7)
  An unseen horror (D:7)
  Sigmund (D:4)
  A spriggan (D:7)
  2 water moccasins (D:6)
  Duvessa (D:6)
  A black bear (D:6)
  A sky beast (D:7)
  An orc warrior (D:7)
  3 centaurs
  A lemure (D:7)
  A scorpion (D:5)
  Dowan (D:6)
  2 howler monkeys (D:7)
  2 bullfrog zombies (D:5)
  6 hounds
  2 orc priests
  A sleepcap (D:7)
  2 iguanas
  Ijyb (D:5)
  5 orc wizards
  A hound zombie (D:5)
  Robin (D:2)
  2 howler monkey zombies (D:5)
  10 adders
  A white imp (D:5)
  An adder zombie (D:5)
  2 worms
  3 dart slugs
  16 orcs
  8 bats
  6 endoplasms
  4 giant cockroaches
  14 goblins
  12 hobgoblins
  8 jackals
  2 quokkas
  8 ball pythons
  5 frilled lizards
  8 kobolds
  9 rats
158 creatures vanquished.

Table legend:
 A = Non-vault XP
 B = Vault XP
 C = Vault XP percentage of total XP
 D = Non-vault monster count
 E = Vault monster count
 F = Vault count percentage of total count
                 A         B        C        D         E       F
            +---------+---------+-------+---------+---------+-------
      Total |    2481 |    1581 |  38.9 |     121 |      36 |  22.9
            +---------+---------+-------+---------+---------+-------
        D:1 |      62 |       4 |   6.1 |      38 |       3 |   7.3
        D:2 |      51 |      45 |  46.9 |      18 |      16 |  47.1
        D:3 |      18 |       0 |   0.0 |       8 |       0 |   0.0
        D:4 |      84 |     239 |  74.0 |      12 |       1 |   7.7
        D:5 |     367 |     244 |  39.9 |      15 |      12 |  44.4
        D:6 |     729 |     213 |  22.6 |      13 |       2 |  13.3
        D:7 |    1170 |     836 |  41.7 |      17 |       2 |  10.5
            +---------+---------+-------+---------+---------+-------

Illustrated notes

Table legend:
 A = Kills in this place as a percentage of kills in the entire game.
 B = Kills by you in this place as a percentage of kills by you in the entire game.
 C = Kills by friends in this place as a percentage of kills by friends in the entire game.
 D = Other kills in this place as a percentage of other kills in the entire game.
 E = Experience gained in this place as a percentage of experience gained in the entire game.
 F = Experience gained in this place divided by the number of levels of this place that you have seen.
                   A       B       C       D       E      F
               +-------+-------+-------+-------+-------+----------------------
         Total | 100.0 | 100.0 |   N/A |   N/A | 100.0 | 451.3
       Dungeon | 100.0 | 100.0 |   N/A |   N/A | 100.0 | 507.8
               +-------+-------+-------+-------+-------+----------------------

Table legend: (Time is in decaauts)
 A = Elapsed time spent in this place.
 B = Non-inter-level travel time spent in this place.
 C = Inter-level travel time spent in this place.
 D = Time resting spent in this place.
 E = Time spent auto-exploring this place.
 F = Levels seen in this place.
 G = Mean time per level.
                   A        B        C        D        E       F      G
               +--------+--------+--------+--------+--------+-----+--------+
         Total |   5492 |   5089 |    403 |     72 |   4039 |   9 |  610.2 |
       Dungeon |   5422 |   5037 |    385 |     72 |   4004 |   8 |  677.8 |
        Temple |     69 |     51 |     18 |      0 |     35 |   1 |   69.0 |
               +--------+--------+--------+--------+--------+-----+--------+

Top non-repeatable levels by time:
     D:2: 1087 daAuts
     D:7: 943 daAuts
     D:1: 906 daAuts
     D:5: 784 daAuts
     D:3: 655 daAuts
     D:4: 533 daAuts
     D:6: 507 daAuts
  Temple: 69 daAuts
     D:8: 3 daAuts
